Map: Odyssey LE

Players

JonSnow - Winner!

  • Race: Zerg Zerg
  • Spawn Location: 5:00

Cloudy

  • Race: Protoss Protoss
  • Spawn Location: 11:00

Event: WCS Valencia 2017

VOD

Have the link to the VOD?

Description

Time

  • Played on: July 13, 2017, 12:32 p.m.
  • Length: 9:27

All games in this series

Show
View Real Time Build Order
Export as new Build Order

JonSnow Zerg - Winner!

Build Orders: Hatch First 

Get SALT Encoding   

  12  0:00  Drone  
  13  0:13  Overlord  
  13  0:17  Drone  
  14  0:31  Drone  
  14  0:33  Drone  
  16  0:36  Drone  
  17  0:55  Hatchery, Drone  
  17  0:58  Drone  
  18  1:08  Extractor  
  17  1:13  Spawning Pool  
  17  1:17  Drone  
  17  1:20  Drone  
  18  1:29  Overlord  
  18  1:39  Drone  
  19  1:58  Drone  
  19  2:00  Queen  
  19  2:01  Zergling x2  
  23  2:06  Queen  
  23  2:07  Zergling x2  
  23  2:08  Metabolic Boost  
  26  2:12  Drone  
  27  2:18  Drone  
  28  2:23  Drone  
  29  2:33  Drone  
  30  2:40  Hatchery  
  30  2:42  Drone  
  30  2:44  Drone  
  30  2:46  Drone  
  32  2:51  Drone  
  32  2:54  Queen  
  35  3:01  Overlord  
  35  3:03  Drone  
  36  3:07  Overlord  
  36  3:20  Drone x4  
  36  3:22  Drone  
  41  3:30  Drone  
  41  3:32  Drone  
  43  3:37  Lair  
  43  3:40  Roach Warren  
  43  3:41  Extractor  
  40  3:42  Extractor, Drone x3  
  40  3:44  Drone  
  43  3:48  Drone x2  
  43  3:49  Drone  
  43  3:53  Overlord  
  46  4:01  Drone x3  
  49  4:03  Drone  
  49  4:05  Drone  
  49  4:08  Drone  
  52  4:13  Overlord  
  52  4:16  Spore Crawler, Overlord  
  51  4:20  Drone x3  
  51  4:21  Drone  
  55  4:28  Roach  
  57  4:32  Overlord x2  
  57  4:35  Overseer  
  57  4:36  Glial Reconstitution  
  57  4:37  Roach  
  59  4:39  Roach  
  59  4:40  Roach  
  59  4:44  Roach  
  65  4:48  Roach x2  
  65  4:52  Roach x2  
  73  4:56  Overlord  
  73  4:58  Roach x2  
  77  5:00  Drone  
  77  5:02  Roach  
  77  5:03  Roach  
  82  5:07  Roach  
  82  5:08  Roach  
  82  5:09  Drone  
  82  5:11  Overlord  
  87  5:19  Overlord  
  91  5:21  Roach x3  
  91  5:22  Drone  
  91  5:23  Drone  
  95  5:30  Evolution Chamber  
  95  5:32  Drone x5  
  95  5:34  Drone  
  100  5:39  Extractor  
  100  5:40  Drone  
  100  5:41  Drone x2  
  100  5:42  Drone  
  103  5:43  Zergling x2, Hydralisk Den  
  103  5:45  Overlord  
  103  5:52  Roach x3  
  103  5:56  Roach x2  
  112  6:03  Zerg Missile Weapons Level 1  
  112  6:06  Overlord  
  112  6:09  Roach  
  114  6:15  Extractor  
  114  6:16  Extractor  
  114  6:17  Drone x5  
  114  6:18  Drone  
  118  6:20  Overlord  
  118  6:22  Roach  
  118  6:24  Overlord  
  118  6:25  Hatchery  
  118  6:31  Queen  
  118  6:33  Muscular Augments  
  118  6:34  Overlord  
  118  6:42  Hydralisk x4  
  118  6:47  Hydralisk  
  126  6:53  Overseer  
  126  6:55  Drone x2  
  126  6:56  Hydralisk x2  
  132  7:03  Hydralisk x2  
  132  7:06  Zergling x2  
  132  7:07  Drone x2  
  132  7:08  Drone  
  140  7:14  Drone x2  
  140  7:15  Drone  
  143  7:16  Hydralisk x2  
  143  7:21  Hydralisk x2  
  151  7:30  Overlord  
  151  7:31  Overlord  
  151  7:32  Zergling x2, Overlord  
  151  7:35  Hydralisk  
  153  7:37  Overlord x2  
  153  7:41  Hydralisk x2  
  157  7:45  Hydralisk  
  157  7:48  Hydralisk x2  
  163  7:54  Hydralisk x3  
  168  8:04  Hydralisk x3  
  174  8:12  Hydralisk x2  
  177  8:13  Hydralisk  
  177  8:14  Hydralisk  
  178  8:20  Hydralisk x3  
  184  8:29  Roach x4  
  192  8:34  Baneling Nest, Zergling x2  
  192  8:35  Zergling x8  
  192  8:36  Ravager  
  197  8:48  Hydralisk x5  
  186  8:52  Hydralisk  
  166  8:56  Hydralisk  
  166  8:57  Zergling x4  
  166  9:00  Hydralisk  
Show
View Real Time Build Order
Export as new Build Order

Cloudy Protoss 

Build Orders: Nexus First, Zealot Archon, Dark Templar Rush 

Get SALT Encoding   

  12  0:01  Probe (Chrono Boost)  
  13  0:12  Probe (Chrono Boost)  
  14  0:20  Pylon  
  14  0:24  Probe (Chrono Boost)  
  15  0:38  Probe (Chrono Boost)  
  16  0:48  Probe (Chrono Boost)  
  17  0:59  Nexus  
  17  1:08  Gateway  
  17  1:12  Probe (Chrono Boost)  
  17  1:17  Assimilator  
  18  1:23  Probe (Chrono Boost)  
  19  1:27  Assimilator  
  19  1:33  Probe (Chrono Boost)  
  20  1:40  Pylon  
  20  1:44  Probe (Chrono Boost)  
  21  1:56  Cybernetics Core  
  21  1:58  Probe (Chrono Boost)  
  22  2:02  Zealot (Chrono Boost)  
  24  2:09  Probe (Chrono Boost)  
  24  2:13  Probe (Chrono Boost)  
  26  2:21  Probe (Chrono Boost)  
  27  2:23  Probe (Chrono Boost)  
  28  2:30  Stalker (Chrono Boost)  
  28  2:31  Probe (Chrono Boost)  
  28  2:36  Warp Gate  
  32  2:39  Mothership Core (Chrono Boost)  
  34  2:45  Probe (Chrono Boost)  
  34  2:50  Twilight Council  
  34  2:57  Probe x2 (Chrono Boost)  
  36  3:06  Robotics Facility  
  36  3:09  Probe (Chrono Boost)  
  37  3:16  Probe (Chrono Boost)  
  37  3:19  Probe (Chrono Boost)  
  39  3:26  Probe (Chrono Boost)  
  40  3:30  Probe (Chrono Boost), Dark Shrine  
  41  3:36  Pylon  
  41  3:37  Probe (Chrono Boost)  
  41  3:40  Probe (Chrono Boost)  
  43  3:47  Probe (Chrono Boost)  
  44  3:48  Gateway  
  44  3:49  Gateway  
  44  3:50  Gateway  
  44  3:54  Warp Prism (Chrono Boost)  
  46  4:03  Assimilator  
  46  4:05  Assimilator  
  46  4:07  Charge (Chrono Boost)  
  46  4:19  Pylon  
  48  4:30  Pylon  
  45  4:39  Pylon  
  45  4:49  Gateway x2  
  45  4:51  Gateway  
  45  4:56  Gateway  
  45  4:59  Pylon  
  45  5:00  Dark Templar x3  
  45  5:03  Dark Templar  
  45  5:06  Archon  
  53  5:08  Archon  
  53  5:22  Pylon  
  53  5:25  Immortal  
  53  5:32  Probe x2  
  59  5:44  Probe x2  
  59  5:48  Nexus  
  61  5:53  Sentry x2  
  61  5:56  Probe  
  64  5:58  Probe  
  64  5:59  Pylon  
  64  6:00  Immortal  
  65  6:08  Probe  
  65  6:10  Probe  
  71  6:20  Probe  
  71  6:22  Probe  
  73  6:31  Pylon  
  73  6:32  Probe  
  74  6:33  Zealot x4, Dark Templar x2  
  74  6:34  Probe  
  87  6:41  Immortal, Archon  
  87  6:44  Probe (Chrono Boost)  
  87  6:46  Probe (Chrono Boost)  
  93  6:56  Forge  
  93  6:57  Probe (Chrono Boost)  
  93  6:59  Pylon  
  93  7:00  Probe (Chrono Boost)  
  95  7:03  Probe (Chrono Boost)  
  95  7:07  Probe (Chrono Boost), Sentry  
  99  7:12  Probe (Chrono Boost)  
  99  7:14  Probe (Chrono Boost)  
  101  7:18  Observer, Probe (Chrono Boost)  
  104  7:24  Probe x2 (Chrono Boost)  
  104  7:28  Protoss Ground Weapons Level 1 (Chrono Boost)  
  104  7:29  Robotics Facility  
  106  7:30  Probe (Chrono Boost)  
  106  7:37  Zealot x5  
  106  7:40  Immortal  
  116  7:47  Probe  
  116  7:48  Probe x2  
  116  7:50  Assimilator  
  123  7:52  Assimilator  
  123  7:54  Templar Archives  
  123  7:57  Probe  
  123  7:59  Pylon  
  123  8:00  Probe x2, Photon Cannon  
  123  8:02  Pylon  
  123  8:04  Pylon  
  126  8:08  Probe  
  126  8:12  Probe  
  128  8:19  Immortal x2 (Chrono Boost)  
  128  8:28  Zealot x3  
  128  8:29  Zealot x3  
  128  8:31  Sentry  
  134  8:52  Zealot  
  134  8:53  Zealot x6  
  104  9:11  Zealot  
  104  9:14  Zealot x4  
Tags
 
Add a new tag
Caveats
  • Supply blocks, unpowered buildings, or Contaminate may cause inaccurate times.
  • Supply counts are checked every 10 seconds.